 Dungeon Crawl Stone Soup version 0.30-a0-557-ge2afbf3030 (webtiles) character file.

Game seed: 15288924279645174644

523 Sabo the Covered (level 7, -5/62 HPs)
             Began as an Armataur Fighter on Dec 27, 2022.
             Killed by divine providence
             ... invoked by an orc priest
              (11 damage)
             ... on level 5 of the Dungeon.
             The game lasted 00:17:54 (3522 turns).

Sabo the Covered (Armataur Fighter)                 Turns: 3522, Time: 00:17:55

Health: -5/62      AC: 13    Str: 24    XL:     7   Next: 2%
Magic:  7/7        EV:  8    Int:  8    God:
Gold:   160        SH:  0    Dex:  9    Spells: 6/6 levels left

rFire   . . .      SeeInvis .    a - +0 war axe
rCold   . . .      Faith    .    c - +0 buckler
rNeg    . . .      Spirit   .    m - +0 plate armour
rPois   .          Reflect  .    (no helmet)
rElec   .          Harm     .    (no cloak)
rCorr   .          Roll     +    i - +1 pair of gloves
Will    .....                    (no barding) Stlth
                                 (no amulet)
HPRegen 0.30/turn                d - +4 ring of evasion
MPRegen 0.10/turn                (no ring)

@: confused, brilliant
A: large, rugged brown scales 3, deformed body, armoured tail, roll, long
tongue, awkward tongue
a: no special abilities


You were on level 5 of the Dungeon.
You visited 1 branch of the dungeon, and saw 5 of its levels.

You collected 160 gold pieces.

Inventory:

Hand Weapons
 a - a +0 war axe (weapon)
Missiles
 l - 6 poisoned darts (quivered)
Armour
 c - a +0 buckler (worn)
 i - a +1 pair of gloves (worn)
 m - a +0 plate armour (worn)
Jewellery
 d - a +4 ring of evasion (left hand)
 o - an amulet of faith
Wands
 n - a wand of polymorph (12)
Scrolls
 b - a scroll of summoning
 j - 2 scrolls of teleportation
 k - 3 scrolls of magic mapping
 r - a scroll of amnesia {unknown}
Potions
 e - a potion of ambrosia {unknown}
 f - 2 potions of attraction {unknown}
 g - 3 potions of curing {unknown}
 h - 3 potions of mutation {unknown}
 p - a potion of lignification {unknown}
 q - a potion of brilliance


   Skills:
 + Level 3.7 Fighting
 + Level 4.0 Axes
 + Level 6.2 Armour
 + Level 0.2 Dodging
 + Level 0.2 Stealth
 + Level 4.3 Shields


You had 6 spell levels left.
You didn't know any spells.
Your spell library contained the following spells:

 Spells                   Type           Power      Damage    Failure   Level
 Freeze                   Ice            0%         1d3       100%        1
 Sandblast                Erth           0%         2d4       100%        1
 Cigotuvi's Dreadful Rot  Necr/Pois/Air  0%         N/A       100%        2
 Passwall                 Tmut/Erth      0%         N/A       100%        2
 Stone Arrow              Conj/Erth      0%         3d7       100%        3
 Dispel Undead            Necr           0%         3d6       100%        4
 Death Channel            Necr           0%         N/A       100%        6


Dungeon Overview and Level Annotations

Branches:
Dungeon (5/15)
 Temple: D:4-7

Altars:
Cheibriados
The Shining One

Shops:
D:1 (   D:2 (   D:3 (((


Innate Abilities, Weirdness & Mutations

You are completely covered in rugged brown scales. (AC +3, +7% HP)
Armour fits poorly on your strangely shaped body.
You have a long armoured tail.
You roll when moving toward enemies. (Rampage)
Your long tongue fully drains potion bottles. (2x potion effects)
Your tongue gives you trouble enunciating. (1.5x scroll delay)


Message History

The adder closely misses you. Something hits you but does no damage.
You block the orc priest's attack.
You closely miss the adder.
Your tail-slap misses the adder.
The adder is severely wounded.
You closely miss something. You closely miss the orc priest.
You feel sick. The adder bites you but does no damage.
You hear some strange, mumbled words.
You are confused.
The orc priest invokes the aid of Beogh against you.
You struggle to resist.
The adder barely misses you.
You hit the adder.
The adder is almost dead.
You miss the orc priest. You miss something.
You feel sick.
You are no longer poisoned.
The adder barely misses you. The orc priest completely misses you.
Something hits you but does no damage. The adder bites you but does no damage.
Something hits you but does no damage.
The orc priest hits you with a +0 dagger.
* * * LOW HITPOINT WARNING * * *
You slurp down every last drop of the 2 smoky green potions!
It was a potion of brilliance.
You feel clever all of a sudden. The adder bites you but does no damage.
You hear some strange, mumbled words.
A magic dart appears from out of thin air!
The magic dart hits you but does no damage.
The orc priest hits you but does no damage.
The orc priest attacks as you move away!
The orc priest barely misses you. The adder bites you but does no damage.
You hear some strange, mumbled words.
Something tries to affect you, but you resist.
The orc priest invokes the aid of Beogh against you.
Pain shoots through your body!
* * * LOW HITPOINT WARNING * * *
The adder attacks as you move away! The adder bites you but does no damage.
The adder barely misses you.
You bump into the metal wall.
The adder barely misses you.
The orc priest calls down the wrath of Beogh upon you.
Beogh smites you!
You die...

### #
##########.###.##
#...............#
#..).†..........#
##....##)..##..#
#....##...##..##
#..........{....#
#........oS@....#
##...####)#######
###+# #..# #....
#..... #......
#.......
###.##.##


You could see an orc priest and an adder.

Vanquished Creatures
  Eustachio (D:4)
  A centaur (D:5)
  A phantom (D:5)
  A necrophage (D:4)
  A howler monkey (D:4)
  2 hounds
  An adder (D:3)
  3 dart slugs
  3 orcs
  9 endoplasms
  A giant cockroach (D:4)
  2 goblins (D:2)
  3 hobgoblins
  3 jackals (D:2)
  6 kobolds
  3 quokkas
  8 ball pythons
  4 bats
  2 frilled lizards
  5 rats
60 creatures vanquished.

Vanquished Creatures (others)
  An orc wizard (D:5)
1 creature vanquished.

Grand Total: 61 creatures vanquished

Notes
Turn   | Place    | Note
-------+----------+-------------------------------------------
     0 | D:1      | Sabo the Armataur Fighter began the quest for the Orb.
     0 | D:1      | Reached XP level 1. HP: 19/19 MP: 1/1
   207 | D:1      | Reached skill level 4 in Armour
   207 | D:1      | Reached XP level 2. HP: 26/26 MP: 2/2
   346 | D:1      | Found Kegithu's Antique Weapon Emporium.
   591 | D:1      | You fall into a shaft and drop 1 floor!
   688 | D:2      | Reached XP level 3. HP: 33/33 MP: 3/3
   843 | D:2      | Found a faded altar of an unknown god.
   895 | D:2      | Got Plato's Vellum of Congelation
  1095 | D:2      | Found Uttuk's Antique Weapon Shoppe.
  1305 | D:3      | Found a glowing golden altar of the Shining One.
  1562 | D:3      | Found Jiadub's Weapon Shoppe.
  2004 | D:3      | Found Romirrus's Antique Weapon Shop.
  2102 | D:3      | Found a snail-covered altar of Cheibriados.
  2131 | D:3      | Found Jaungoh's Weapon Shop.
  2597 | D:4      | Reached XP level 4. HP: 24/40 MP: 4/4
  2828 | D:4      | Noticed Eustachio
  2847 | D:4      | Killed Eustachio
  2848 | D:4      | Reached skill level 5 in Armour
  2848 | D:4      | Reached XP level 5. HP: 38/48 MP: 5/5
  2848 | D:4      | Reached XP level 6. HP: 43/54 MP: 6/6
  3288 | D:5      | Entered Level 5 of the Dungeon
  3361 | D:5      | Reached skill level 6 in Armour
  3507 | D:5      | Reached XP level 7. HP: 49/62 MP: 7/7
  3522 | D:5      | Killed from afar by an orc priest

Illustrated notes

Levels and vault maps discovered:
D:1:      lightli_molten_gateway, layout_loops_cross, serial_shops, shop,
          minmay_lizard_king
D:2:      layout_basic, serial_shops, nicolae_shop_hallway_plus,
          shapermc_ecumenical_altar_rom_forum
D:3:      layout_loops_corners, lemuel_crystal_altar, old_standard_altar,
          serial_shops, nicolae_shop_bloodbath_and_beyond,
          nicolae_shop_window_shopping, shop_fountains, minivault_5
D:4:      layout_loops_ring, kennysheep_generic_room_14, uniq_eustachio
D:5:      layout_gridville, old_standard_altar, minmay_misc_feat_rows,
          kennysheep_generic_room_3

Skill      XL: |  1  2  3  4  5  6 |
---------------+-------------------+-----
Armour         | 4 5 6 |  6.2
Fighting       | 3 |  3.7
Axes           | 2 3 4 |  4.0
Shields        | 4 |  4.3
Dodging        | |  0.2
Stealth        | |  0.2

Action                   |  1- 3 |  4- 6 |  7- 9 || total
-------------------------+-------+-------+-------++-------
Melee: War axe           |   117 |    66 |    11 ||   194
       Tailslap          |    12 |     5 |       ||    17
  Use: Scroll            |     5 |     2 |       ||     7
       Potion            |       |     1 |     1 ||     2
Armor: Scale mail        |    37 |       |       ||    37
       Plate armour      |    39 |    62 |    21 ||   122
Dodge: Dodged            |    41 |    27 |    15 ||    83
Block: Buckler           |    27 |    22 |     3 ||    52

Table legend: (Time is in decaauts)
 A = Elapsed time spent in this place.
 B = Non-inter-level travel time spent in this place.
 C = Inter-level travel time spent in this place.
 D = Time resting spent in this place.
 E = Time spent auto-exploring this place.
 F = Levels seen in this place.
 G = Mean time per level.
                   A        B        C        D        E       F      G
               +--------+--------+--------+--------+--------+-----+--------+
         Total |   3601 |   3601 |      0 |    686 |      0 |   5 |  720.2 |
       Dungeon |   3601 |   3601 |      0 |    686 |      0 |   5 |  720.2 |
               +--------+--------+--------+--------+--------+-----+--------+

Top non-repeatable levels by time:
     D:3: 1315 daAuts
     D:4: 752 daAuts
     D:2: 680 daAuts
     D:1: 606 daAuts
     D:5: 246 daAuts
